 Dungeon Crawl Stone Soup version 0.30.0-5-g1a98f26d00 (webtiles) character file.

Game seed: 16419300842868943995

128925 PoweredByGinger the Severer (level 16, 0/149 HPs)
             Began as a Minotaur Fighter on May 9, 2023.
             Was a High Priest of Okawaru.
             Shot with an arrow by a satyr (18 damage)
             ... on level 4 of the Shoals.
             The game lasted 01:04:32 (40016 turns).

PoweredByGinger the Severer (Minotaur Fighter)     Turns: 40016, Time: 01:04:33

Health: 0/149      AC: 21    Str: 28    XL:     16   Next: 49%
Magic:  0/19       EV:  2    Int:  5    God:    Okawaru [*****.]
Gold:   2149       SH:  0    Dex: 18    Spells: 15/15 levels left

rFire   . . .        a - +3 war axe
rCold   . . .        c - +0 buckler
rNeg    . . .        A - +1 plate armour "Emny Nak" {Contam rF+ Dex+5}
rPois   +            (helmet unavailable)
rElec   .            k - +5 cloak of the Undertaker {+Inv rPois rF- Dex+4}
rCorr   .            (no gloves)
SInv    +            (no boots)
Will    +....        W - amulet of guardian spirit Stlth
                     h - ring of see invisible
HPRegen 0.44/turn    X - +5 ring of evasion
MPRegen 0.16/turn

%: random rage (3%), guardian spirit
@: lit by a corona, sleeping, afraid, finesse-ful, glowing
A: horns 3, retaliatory headbutt, berserk 1, clumsy 1, MP-powered wands
a: Renounce Religion, Evoke Invisibility, Heroism, Finesse, Duel


You were on level 4 of the Shoals.
You worshipped Okawaru.
Okawaru was extremely pleased with you.
You visited 6 branches of the dungeon, and saw 26 of its levels.
You also visited: Ossuary and Volcano.

You collected 2838 gold pieces.
You spent 689 gold pieces at shops.

Inventory:

Hand Weapons
 a - a +3 war axe (weapon)
 b - a +0 halberd of flaming
Missiles
 e - 8 javelins (quivered)
 p - 6 curare-tipped darts
 r - 161 stones
 y - 31 poisoned darts
 K - 5 silver javelins
 N - 3 throwing nets
 T - 5 atropa-tipped darts
Armour
 c - a +0 buckler (worn)
 k - the +5 cloak of the Undertaker (worn) {+Inv rPois rF- Dex+4}
   (You bought it in a shop on level 2 of the Orcish Mines)

   Dex:       It affects your dexterity (+4).
   rF:        It makes you vulnerable to fire.
   rPois:     It protects you from poison.
   +Inv:      It lets you turn invisible.
 s - a +1 chain mail of cold resistance
 A - the +1 plate armour "Emny Nak" (worn) {Contam rF+ Dex+5}
   (Okawaru gifted it to you on level 5 of the Lair of Beasts)

   Dex:       It affects your dexterity (+5).
   rF:        It protects you from fire.
   Contam:    It causes magical contamination when unequipped.
 J - the +2 tower shield of Vyvecrek {Harm}
   (Okawaru gifted it to you on level 1 of the Shoals)

   Harm:      It increases damage dealt and taken.
 V - a +1 cloak
Jewellery
 h - a ring of see invisible (left hand)
 n - an amulet of the acrobat
 o - an amulet of regeneration
 t - the ring "Quulluech" {+Blink rF+ Str+3}
   (You found it on level 5 of the Lair of Beasts)

   [ring of protection from fire]

   Str:       It affects your strength (+3).
   rF:        It protects you from fire.
   +Blink:    It lets you blink.
 U - a +5 ring of evasion
 W - an amulet of guardian spirit (around neck)
 X - a +5 ring of evasion (right hand)
Wands
 u - a wand of flame (38)
 H - a wand of polymorph (3)
 M - a wand of quicksilver (2)
 Y - a wand of paralysis (14)
Scrolls
 f - 5 scrolls of enchant armour
 g - a scroll of butterflies
 j - 3 scrolls of teleportation
 w - 6 scrolls of identify
 z - a scroll of magic mapping
 B - 5 scrolls of noise
 C - 6 scrolls of vulnerability
 D - 2 scrolls of fear
 E - 2 scrolls of poison
 F - a scroll of torment {unknown}
 O - 3 scrolls of fog
 P - a scroll of brand weapon
 Q - 4 scrolls of enchant weapon
 R - a scroll of silence
Potions
 d - 7 potions of might
 i - 2 potions of lignification
 l - 5 potions of attraction
 m - 2 potions of brilliance
 q - 8 potions of curing
 v - a potion of resistance
 x - 4 potions of flight
 G - 2 potions of cancellation
 S - 6 potions of haste


   Skills:
 + Level 15.4 Fighting
 - Level 19.3 Axes
 + Level 13.3 Throwing
 - Level 8.3 Armour
 - Level 18.8 Shields
 - Level 6.4 Invocations


You had 15 spell levels left.
You didn't know any spells.
Your spell library contained the following spells:

 Spells                   Type           Power      Damage    Failure   Level
 Foxfire                  Conj/Fire      0%         2x1d4     99%         1
 Magic Dart               Conj           0%         1d3       99%         1
 Blink                    Tloc           0%         N/A       100%        2
 Cigotuvi's Dreadful Rot  Necr/Pois/Air  0%         N/A       100%        2
 Lesser Beckoning         Tloc           0%         N/A       100%        2
 Momentum Strike          Conj/Tloc      0%         3d8       100%        2
 Gell's Gravitas          Tloc           0%         N/A       100%        3
 Hailstorm                Conj/Ice       0%         3d3       100%        3
 Inner Flame              Hex/Fire       0%         N/A       100%        3
 Mephitic Cloud           Conj/Pois/Air  0%         N/A       100%        3
 Teleport Other           Tloc           0%         N/A       100%        3
 Dispel Undead            Necr           0%         3d6       100%        4
 Flame Wave               Conj/Fire      0%         2d4       100%        4
 Ice Form                 Ice/Tmut       0%         N/A       100%        4
 Sticky Flame             Conj/Fire      0%         2d3       100%        4
 Fireball                 Conj/Fire      0%         3d3       100%        5
 Plasma Beam              Fire/Air       0%         2x1d11    100%        6
 Starburst                Conj/Fire      0%         6d3       100%        6
 Call Imp                 Summ           Unusable   N/A       N/A         2
 Death Channel            Necr           Unusable   N/A       N/A         6
 Simulacrum               Ice/Necr       Unusable   N/A       N/A         6

Dungeon Overview and Level Annotations

Branches:
Dungeon (13/15)            Temple (1/1) D:7            Lair (5/5) D:8
 Shoals (4/4) Lair:2       Spider (0/4) Lair:3        Slime (0/5) Lair:4
    Orc (2/2) D:10            Elf (1/3) Orc:2       Ossuary (visited)
Volcano (visited)
 Vaults: D:13-14

Altars:
Ashenzari
Cheibriados
Dithmenos
Elyvilon
Fedhas
Gozag
Hepliaklqana
Kikubaaqudgha
Makhleb
Nemelex Xobeh
Okawaru
Qazlal
Ru
Sif Muna
Trog
Uskayaw
Vehumet
Wu Jian
Xom
Yredelemnul
Zin
The Shining One
Jiyva

Shops:
D:3 :   D:8 ?   D:10 [(   D:11 =   Orc:2 =:([

Portals:
Trove: D:10 (show slimy rune of Zot)

Annotations:
Lair:4 exclusion: downstairs
Shoals:1 1 runed translucent door
Shoals:2 exclusion: upstairs
Shoals:4 Ilsuiw


Innate Abilities, Weirdness & Mutations

You have a pair of large horns on your head.
You reflexively headbutt those who attack you in melee.
You sometimes lose your temper in combat.
You are clumsy. (Dex -2)
You expend magic power (3 MP) to strengthen your wands.


Message History

You are outlined in light.
Unknown command.
The satyr shoots an arrow.
The arrow misses you. The faun hits you with a +0 spear!!
* * * LOW HITPOINT WARNING * * *
The satyr shoots an arrow.
The arrow hits you!!
* * * LOW HITPOINT WARNING * * *
A nearby plant withers and dies.
The faun unwields a +0 spear.
The faun wields a +0 sling.
The faun shoots a sling bullet.
You block the sling bullet.
You block the merfolk aquamancer's attack.
The faun points at you and mumbles some strange words.
You resist with significant effort.
A merfolk comes into view. It is wielding a +0 trident.
The merfolk shouts!
The satyr shoots an arrow.
You block the arrow.
Things that are here:
a +0 trident; a merfolk corpse
As you read the scroll of fear, it crumbles to dust.
You assume a fearsome visage.
The satyr resists with almost no effort.
The faun looks frightened!
The merfolk aquamancer looks frightened!
The merfolk looks frightened!
The faun no longer looks unusually strong.
The merfolk aquamancer casts a spell.
The merfolk aquamancer blinks!
The satyr shoots an arrow.
The arrow hits you but does no damage.
Unknown command.
The merfolk aquamancer casts a spell.
The merfolk aquamancer blinks!
The satyr plays a rousing melody on his pipes!
The faun goes into a battle-frenzy!
The merfolk aquamancer mumbles some strange words.
The merfolk aquamancer blinks!
The satyr plays a lulling melody on his pipes!
You fall asleep.
The merfolk aquamancer mumbles some strange words.
The merfolk aquamancer blinks!
The satyr shoots an arrow.
The arrow hits you!!
You die...

≈≈≈~P.P~≈~~~..
≈≈≈PP~~≈~~~PP ~~~≈~.
....~P~P~~≈≈≈~$~~ ~~~~..
..~~..~P~~≈≈≈~~~~ ~....#
#.~~.. .~~P≈≈~~~~
.....###.~~.. ~P~≈≈P~~P
.........~...###.~~~~~.~
#.m......~~...P.@.......
......~~~~~.............
#ZZ~~~~~~..()).......
#<.~~~§~~~)~...P.....
#~Z~~~~~c))~........#
...cm~~~≈≈≈~~c~^P......#
..k.c~~~≈~~...........##
...~~~~~≈~~##..........#
...~~~~≈≈~~........|....


You could see a satyr (scary) and a faun (strong, fleeing).

Vanquished Creatures
  Mlioglotl (Shoals:2)
  Jorgrun (Orc:1)
  4 krakens (Shoals:1)
  5 merfolk impalers
  2 merfolk javelineers
  Snorg (D:12)
  Fannar (D:10)
  6 catoblepae
  5 hydras
  A centaur warrior (Shoals:2)
  2 two-headed ogres
  A merfolk avatar (Shoals:1)
  An alligator snapping turtle (Shoals:2)
  6 merfolk aquamancers
  3 boulder beetles
  22 death yaks
  A hell knight (Volcano)
  Sonja (D:11)
  4 skysharks
  A sun demon (Volcano)
  5 sea snakes
  Lodul (D:12)
  An orc knight (D:10)
  A deep elf pyromancer (Elf:1)
  17 harpies
  5 cyclopes
  8 orc sorcerers (Orc:2)
  18 fauns
  A manticore (shapeshifter) (D:13)
  An ugly thing (D:12)
  6 manticores
  10 merfolk sirens
  6 black mambas
  4 water nymphs
  Maggie (Lair:2)
  7 cane toads
  An unseen horror (D:11)
  A torpor snail (Lair:1)
  5 rime drakes
  8 komodo dragons
  40 merfolk
  3 red devils (Volcano)
  2 harpy zombies (Shoals:4)
  7 trolls
  3 polar bears
  2 wind drakes
  28 dream sheep
  17 blink frogs
  An air elemental (Elf:1)
  3 snapping turtles
  6 slime creatures
  3 shadows
  40 yaks
  19 water elementals
  4 wyverns
  3 wraiths
  4 basilisks
  A steam dragon (D:8)
  10 wargs
  Duvessa (D:7)
  An acid dragon (D:11)
  15 water moccasins
  3 hell hounds (Volcano)
  19 orc warriors
  A black bear (D:7)
  11 ogres
  26 wolves
  2 manticore zombies (Shoals:4)
  9 centaurs
  3 kobold brigands
  2 phantoms
  2 elf zombies (Ossuary)
  A gnoll sergeant (D:10)
  Blork the orc (D:5)
  11 bullfrogs
  A scorpion (D:6)
  Dowan (D:7)
  5 wights (D:8)
  14 killer bees (D:10)
  7 howler monkeys
  A centaur zombie (Ossuary)
  7 hounds
  2 gnoll boudas
  26 orc priests
  A human zombie (Ossuary)
  2 jellies
  6 iguanas
  Terence (D:2)
  Natasha (thrice) (D:2)
  40 orc wizards
  2 mummies (Ossuary)
  23 gnolls
  9 adders
  A shadow imp (Temple)
  An ufetubus (D:6)
  2 adder zombies (Ossuary)
  A worm (D:2)
  The ghost of zlionsfan the Sneak, a weakling DrDe (D:5)
  5 dart slugs
  88 orcs
  11 ball pythons
  3 bat zombies (Shoals:4)
  8 endoplasms
  4 giant cockroaches
  8 goblins
  5 hobgoblins
  23 jackals
  2 quokkas
  4 bats
  6 frilled lizards
  10 hobgoblin zombies (Ossuary)
  A jackal zombie (Ossuary)
  20 kobolds
  8 kobold zombies (Ossuary)
  10 orc zombies (Ossuary)
  4 rats
  2 rat zombies (Ossuary)
  A butterfly (Lair:5)
  14 tentacles (Shoals:1)
874 creatures vanquished.

Vanquished Creatures (others)
  A faun (Shoals:4)
  24 tentacles (Shoals:1)
25 creatures vanquished.

Grand Total: 899 creatures vanquished

Notes
Turn   | Place    | Note
-------+----------+-------------------------------------------
     0 | D:1      | PoweredByGinger the Minotaur Fighter began the quest for
                  | the Orb.
     0 | D:1      | Reached XP level 1. HP: 19/19 MP: 0/0
    98 | D:1      | Reached XP level 2. HP: 27/27 MP: 1/1
   170 | D:1      | Reached skill level 3 in Axes
   467 | D:1      | Reached XP level 3. HP: 33/33 MP: 2/2
  1062 | D:2      | Noticed Natasha
  1069 | D:2      | Killed Natasha
  1070 | D:2      | Reached XP level 4. HP: 36/40 MP: 3/3
  1086 | D:2      | Noticed Natasha
  1094 | D:2      | Killed Natasha
  1100 | D:2      | Noticed Terence
  1109 | D:2      | Killed Terence
  1110 | D:2      | Reached skill level 4 in Axes
  1281 | D:2      | Noticed Natasha
  1286 | D:2      | Killed Natasha
  1287 | D:2      | Reached skill level 5 in Shields
  1287 | D:2      | Reached XP level 5. HP: 46/47 MP: 4/4
  1359 | D:2      | Found a blossoming altar of Fedhas.
  1484 | D:3      | Found a stormy altar of Qazlal.
  1587 | D:3      | Found Exefyzxa's Book Shoppe.
  1686 | D:3      | Found an iron altar of Okawaru.
  1708 | D:3      | Became a worshipper of Warmaster Okawaru
  1790 | D:3      | Found an opulent altar of Gozag.
  1908 | D:3      | Found a faded altar of an unknown god.
  1958 | D:3      | Reached XP level 6. HP: 48/53 MP: 5/5
  2040 | D:3      | Reached skill level 5 in Axes
  2361 | D:2      | Reached skill level 5 in Armour
  2370 | D:3      | Reached skill level 5 in Fighting
  2435 | D:3      | Found a basalt altar of Yredelemnul.
  2684 | D:3      | Reached XP level 7. HP: 61/61 MP: 6/6
  2703 | D:3      | Reached * piety under Okawaru
  2825 | D:3      | Reached skill level 6 in Axes
  3217 | D:4      | Found a sand-covered staircase.
  3301 | Ossuary  | Entered an ossuary
  3483 | Ossuary  | Reached ** piety under Okawaru
  3484 | Ossuary  | Reached XP level 8. HP: 68/70 MP: 7/7
  3509 | Ossuary  | Reached skill level 7 in Axes
  3791 | D:4      | Found a broken altar of Ashenzari.
  4418 | D:5      | Entered Level 5 of the Dungeon
  4418 | D:5      | Noticed Blork the orc
  4424 | D:5      | Killed Blork the orc
  4931 | D:5      | Found a runed translucent gate.
  4931 | D:5      | Found a runed translucent gate.
  4932 | D:5      | Found a runed translucent gate.
  4932 | D:5      | Noticed zlionsfan's ghost (weakling DrDe)
  5170 | D:5      | Killed zlionsfan's ghost
  5298 | D:6      | Reached skill level 8 in Axes
  5665 | D:6      | Reached *** piety under Okawaru
  5853 | D:6      | Found a hazy altar of Hepliaklqana.
  6585 | D:7      | Found a staircase to the Ecumenical Temple.
  6600 | Temple   | Entered the Ecumenical Temple
  6737 | Temple   | Reached XP level 9. HP: 64/78 MP: 8/8
  6813 | D:7      | Noticed Duvessa
  6813 | D:7      | Noticed Dowan
  6823 | D:7      | Killed Duvessa
  6832 | D:7      | Killed Dowan
  6994 | D:7      | Reached skill level 9 in Axes
  7058 | D:7      | Found a glowing silver altar of Zin.
  7503 | D:7      | Found a glowing golden altar of the Shining One.
  8046 | D:8      | You fall into a shaft and drop 1 floor!
  8081 | D:9      | Reached **** piety under Okawaru
  8082 | D:9      | Reached skill level 10 in Shields
  8088 | D:9      | Reached skill level 10 in Axes
  8254 | D:9      | Found an ornate altar of the Wu Jian Council.
  8484 | D:8      | Reached XP level 10. HP: 62/88 MP: 9/9
  8559 | D:8      | Found Noodaj's Magic Scroll Emporium.
  8567 | D:8      | Bought a scroll of identify for 26 gold pieces
  8567 | D:8      | Bought a scroll of identify for 26 gold pieces
  8567 | D:8      | Bought a scroll of blinking for 97 gold pieces
  8679 | D:8      | Found a staircase to the Lair.
 10272 | D:8      | Reached skill level 11 in Axes
 10362 | D:8      | Found the +7 staff of the Meek {protect, meekguard}
 10426 | D:9      | Found a white marble altar of Elyvilon.
 10448 | D:9      | Reached skill level 1 in Invocations
 10449 | D:9      | Noticed a cyclops
 10460 | D:9      | Killed a cyclops
 10460 | D:9      | Reached ***** piety under Okawaru
 10481 | D:9      | Found a bloodstained altar of Trog.
 10483 | D:9      | Found a shimmering blue altar of Sif Muna.
 10483 | D:9      | Noticed a two-headed ogre
 10852 | D:9      | Found a burning altar of Makhleb.
 10896 | D:9      | Identified the +0 robe of Ru's Generosity {Rampage Stlth+}
 10932 | D:9      | Found a blossoming altar of Fedhas.
 11093 | D:9      | Killed a two-headed ogre
 11560 | D:10     | Entered Level 10 of the Dungeon
 11563 | D:10     | Noticed Fannar
 11606 | D:10     | Killed Fannar
 11607 | D:10     | Reached skill level 12 in Axes
 11818 | Lair:1   | Entered Level 1 of the Lair of Beasts
 11861 | Lair:1   | Noticed a cane toad
 11865 | Lair:1   | Killed a cane toad
 11865 | Lair:1   | Received a gift from Okawaru
 11915 | Lair:1   | Noticed a black mamba
 11936 | Lair:1   | Killed a black mamba
 11937 | Lair:1   | Reached XP level 11. HP: 48/94 MP: 9/12
 12804 | Lair:1   | Reached skill level 13 in Axes
 13540 | Lair:1   | HP: 7/141 [poisoned by a black mamba]
 14195 | Lair:1   | Identified the +8 falchion of Ymufrek {speed, rN+ Str+3}
                  | (Okawaru gifted it to you on level 1 of the Lair of Beasts)
 14195 | Lair:1   | Received a gift from Okawaru
 14396 | Lair:2   | Reached skill level 5 in Invocations
 14638 | Lair:2   | Noticed an eight-headed hydra
 14647 | Lair:2   | Killed an eight-headed hydra
 14648 | Lair:2   | Reached skill level 14 in Axes
 15094 | Lair:2   | Found a staircase to the Shoals.
 15374 | Lair:2   | Reached XP level 12. HP: 74/102 MP: 8/15
 15520 | Lair:2   | Noticed Maggie
 15549 | Lair:2   | Killed Maggie
 16254 | Lair:2   | Reached skill level 1 in Throwing
 16480 | Lair:3   | Reached skill level 15 in Shields
 16480 | Lair:3   | Received a gift from Okawaru
 16619 | Lair:3   | Noticed an eight-headed hydra
 16635 | Lair:3   | Killed an eight-headed hydra
 16763 | Lair:3   | Reached skill level 15 in Axes
 16954 | Lair:3   | Reached ****** piety under Okawaru
 17079 | Lair:3   | Found a hole to the Spider Nest.
 18104 | Lair:4   | Noticed a catoblepas
 18126 | Lair:4   | Killed a catoblepas
 18244 | Lair:4   | Noticed a four-headed hydra
 18251 | Lair:4   | Killed a four-headed hydra
 18251 | Lair:4   | Received a gift from Okawaru
 18431 | Lair:4   | Found a viscous altar of Jiyva.
 18431 | Lair:4   | Found a staircase to the Slime Pits.
 19023 | Lair:5   | Entered Level 5 of the Lair of Beasts
 19374 | Lair:4   | Reached skill level 16 in Axes
 19374 | Lair:4   | Reached XP level 13. HP: 100/107 MP: 16/16
 19871 | Lair:5   | Received a gift from Okawaru
 21204 | Lair:5   | Reached skill level 5 in Throwing
 21589 | Lair:4   | Received a gift from Okawaru
 21801 | Lair:4   | Reached skill level 17 in Axes
 22489 | Lair:4   | Received a gift from Okawaru
 23313 | Lair:5   | Reached XP level 14. HP: 95/115 MP: 13/17
 23685 | Lair:5   | Reached skill level 18 in Axes
 23823 | Lair:5   | Identified the ring "Quulluech" {+Blink rF+ Str+3}
 23878 | Lair:5   | Identified the +1 plate armour "Emny Nak" {Contam rF+
                  | Dex+5} (Okawaru gifted it to you on level 5 of the Lair of
                  | Beasts)
 23878 | Lair:5   | Received a gift from Okawaru
 24305 | D:10     | Found Wemut's Armour Boutique.
 24318 | D:10     | Found a staircase to the Orcish Mines.
 24390 | D:10     | Found Toni's Weapon Boutique.
 24862 | D:10     | Found a portal to a secret trove of treasure.
 25299 | D:11     | Noticed Sonja
 25836 | D:11     | Found Decrey's Jewellery Shoppe.
 25856 | D:11     | Killed Sonja
 26845 | D:12     | Noticed Snorg
 26861 | D:12     | Killed Snorg
 27362 | D:12     | Noticed Lodul
 27373 | D:12     | Killed Lodul
 27374 | D:12     | Reached skill level 19 in Axes
 27661 | D:12     | Gained mutation: You are clumsy. (Dex -2) [potion of
                  | mutation]
 27883 | Orc:1    | Entered Level 1 of the Orcish Mines
 27903 | Orc:1    | Noticed Jorgrun
 27939 | Orc:1    | Found a dark tunnel.
 27949 | Volcano  | Entered a volcano
 28320 | Volcano  | Lost mutation: You are clumsy. (Dex -2) [potion of
                  | mutation]
 28320 | Volcano  | Gained mutation: You are vulnerable to cold. (rC-) [potion
                  | of mutation]
 28320 | Volcano  | Gained mutation: You have hidden genetic defects. [potion
                  | of mutation]
 28321 | Volcano  | Lost mutation: You are vulnerable to cold. (rC-) [potion of
                  | mutation]
 28321 | Volcano  | Lost mutation: You have hidden genetic defects. [potion of
                  | mutation]
 28321 | Volcano  | Gained mutation: You have a pair of large horns on your
                  | head. [potion of mutation]
 28321 | Volcano  | Gained mutation: You sometimes lose your temper in combat.
                  | [potion of mutation]
 28321 | Volcano  | Gained mutation: You expend magic power (3 MP) to
                  | strengthen your wands. [potion of mutation]
 29043 | Orc:1    | Killed Jorgrun
 29514 | Orc:2    | Entered Level 2 of the Orcish Mines
 29846 | Orc:2    | Found a staircase to the Elven Halls.
 30261 | Orc:2    | Found Keil's Jewellery Emporium.
 30261 | Orc:2    | Found Biac's Book Shop.
 30392 | Orc:2    | Reached XP level 15. HP: 46/126 MP: 10/18
 30679 | Orc:2    | Reached skill level 10 in Fighting
 30731 | Orc:2    | Received a gift from Okawaru
 31065 | Orc:2    | Found Buroz's Armour Shop.
 31065 | Orc:2    | Found Woidibb's Antique Weapon Emporium.
 31071 | Orc:2    | Bought the +5 cloak of the Undertaker {+Inv rPois rF-
                  | Dex+4} for 540 gold pieces
 31362 | Elf:1    | Entered Level 1 of the Elven Halls
 31375 | Elf:1    | Paralysed by an air elemental for 1 turns
 31599 | Shoals:1 | Entered Level 1 of the Shoals
 31882 | Shoals:1 | Noticed a kraken
 32839 | Shoals:1 | Noticed a kraken
 32852 | Shoals:1 | Killed a kraken
 32852 | Shoals:1 | Identified the +2 tower shield of Vyvecrek {Harm} (Okawaru
                  | gifted it to you on level 1 of the Shoals)
 32852 | Shoals:1 | Received a gift from Okawaru
 32853 | Shoals:1 | Reached skill level 10 in Throwing
 33381 | Shoals:1 | Killed a kraken
 33652 | Shoals:1 | Noticed a kraken
 33665 | Shoals:1 | Killed a kraken
 33870 | Shoals:1 | Noticed a kraken
 33882 | Shoals:1 | Killed a kraken
 34516 | Shoals:1 | Noticed a kraken
 34516 | Shoals:1 | Found the +3 pair of seven-league boots {Rampage+∞}
 34516 | Shoals:1 | Found a runed translucent door.
 34805 | Shoals:2 | Noticed Mlioglotl
 35766 | Shoals:1 | Received a gift from Okawaru
 36312 | Shoals:2 | Gained mutation: You are clumsy. (Dex -2) [a neqoxec]
 36325 | Shoals:2 | Killed Mlioglotl
 36326 | Shoals:2 | Reached XP level 16. HP: 15/145 MP: 1/19
 37533 | Shoals:3 | Received a gift from Okawaru
 38235 | Shoals:2 | Received a gift from Okawaru
 38672 | Shoals:3 | Reached skill level 15 in Fighting
 38951 | Shoals:4 | Entered Level 4 of the Shoals
 38952 | Shoals:4 | Noticed Ilsuiw
 38989 | Shoals:3 | Received a gift from Okawaru
 39991 | Shoals:4 | Received a gift from Okawaru
 40016 | Shoals:4 | Shot with an arrow by a satyr

Illustrated notes

Levels and vault maps discovered:
D:1:      wander_arrival_lonely_grave, layout_loops_corners, serial_forest,
          infiniplex_forest_straight_2, infiniplex_forest_lined_3_way,
          infiniplex_forest_straight_2, infiniplex_forest_lined_room_2,
          infiniplex_forest_straight_2, infiniplex_forest_side_room,
          infiniplex_forest_straight_5
D:2:      layout_basic, basic_altar, uniq_natasha, uniq_terence
D:3:      lemuel_castle_with_subvaults [lemuel_castle_interior_carwin_2],
          layout_rooms, grunt_gozag_breadcrumbs,
          mainiacjoe_overflow_concentric_impassable, grunt_qazlal_sundering,
          general_overflow_altar, shapermc_ecumenical_altar_flowoftime,
          serial_glass, glass_columns_a, glass_columns_c, glass_columns_a,
          glass_columns_b, glass_columns_a, glass_columns_a, serial_shops,
          nicolae_shop_stone
D:4:      layout_loops_corners, mainiacjoe_overflow_24_doors,
          chequers_ossuary_entry_cave, dk_rats_in_the_wall
D:5:      layout_basic, ebering_ghost_rock_garden, minmay_misc_feat_doors,
          uniq_blork_the_orc
D:6:      layout_layer_cave, mainiacjoe_overflow_boulevard
D:7:      layout_loops_cross, nicolae_tso_swordbearing_angel, zin_treasury,
          minmay_temple_entry_large_hall, uniq_duvessa
D:8:      layout_cave_pods, david_lair_shrubbed, serial_column_ruins,
          column_ruins_grid_3, column_ruins_open_small, column_ruins_open_small,
          column_ruins_open_tiny, column_ruins_grid_1, serial_shops, shop,
          minmay_crystal_room, pf_guarded_unrand_meek
D:9:      layout_stronghold, mainiacjoe_overflow_alcove_1,
          grunt_temple_overflow_open, old_standard_altar,
          nicolae_wu_jian_wuxing_cycle
D:10:     layout_gridville, orc_david_3, nicolae_trove_entry_free_sample,
          serial_bayou_pond_e, chequers_serial_rivers_large_a, uniq_fannar
D:11:     layout_cave_pools, minmay_shop_enchanted_jewellery, uniq_sonja
D:12:     layout_long_grid, minmay_lizard_king, uniq_snorg, uniq_lodul
D:13:     layout_long_grid, erik_vaults_1, lightli_church_of_beogh
Temple:   nicolae_temple_two_arcs
Lair:1:   layout_regular_city, lemuel_fruit_tree, grunt_megastairs_4
Lair:2:   layout_cave_pods, elwin_shoals_entry_stream, uniq_maggie
Lair:3:   beast_lair_carwin_large_1, layout_cave_pods,
          spider_nest_entry_web_field
Lair:4:   layout_roguey, slime_entry_1
Lair:5:   evilmike_catoblepas_cave, layout_big_grid, grunt_forest_stairs_basic,
          lemuel_fruit_fields, serial_bayou_shore_b
Shoals:1: nicolae_shoals_lighthouse, layout_shoals
Shoals:2: layout_shoals, nicolae_shoals_water_shrine, uniq_mlioglotl
Shoals:3: layout_shoals
Shoals:4: shoals_end_simple, layout_shoals, shoals_ilsuiw_ice,
          nicolae_shoals_undead_eyrie
Orc:1:    layout_caves, basic_altar, nicolae_volcano_entry_lava_flow,
          nicolae_orc_lava_tube, uniq_jorgrun
Orc:2:    st_orc_town, layout_diamond_mine, portal_ice_cave_rime
Elf:1:    layout_loops_cross, minivault_28

Skill      XL: |  1  2  3  4  5  6  7  8  9 10 11 12 13 14 15 16 |
---------------+-------------------------------------------------+-----
Shields        | 4 5 6 7 8 10 12 14 16 17 18 | 18.8
Axes           | 3 4 5 6 8 10 12 14 16 17 19 | 19.3
Fighting       | 4 5 6 7 8 9 13 15 | 15.4
Armour         | 4 5 6 8 |  8.3
Invocations    | 3 5 6 |  6.4
Throwing       | 3 6 8 12 13 | 13.3

Action                     |  1- 3 |  4- 6 |  7- 9 | 10-12 | 13-15 | 16-18 || total
---------------------------+-------+-------+-------+-------+-------+-------++-------
  Melee: War axe           |    65 |   185 |   374 |   677 |  1179 |   274 ||  2754
         Headbutt          |     5 |    26 |    75 |   120 |   293 |    75 ||   594
         Mace              |       |       |       |     8 |     6 |       ||    14
  Throw: Throwing net      |       |       |     1 |     3 |       |       ||     4
         Javelin           |       |       |       |    13 |    17 |     3 ||    33
         Boomerang         |       |       |       |       |   110 |       ||   110
         Dart              |       |       |       |       |     2 |       ||     2
 Invoke: Heroism           |       |       |       |     6 |    14 |     1 ||    21
         Finesse           |       |       |       |     2 |     5 |     1 ||     8
  Evoke: Wand              |       |       |       |     4 |       |     2 ||     6
    Use: Scroll            |       |       |     7 |    15 |    21 |     1 ||    44
         Potion            |       |       |     3 |     3 |     8 |       ||    14
   Stab: Held in net/web   |       |       |       |     1 |       |       ||     1
         Invisible         |       |       |       |       |     1 |       ||     1
 Armour: Scale mail        |    44 |       |       |       |       |       ||    44
         Chain mail        |     1 |   113 |   204 |    51 |       |       ||   369
         Plate armour      |       |       |       |   196 |   411 |   140 ||   747
         Skin              |       |       |       |     2 |       |       ||     2
  Dodge: Dodged            |    25 |    81 |   138 |   246 |   530 |   161 ||  1181
  Block: Buckler           |    19 |    49 |    84 |   218 |   461 |   172 ||  1003
